 Dungeon Crawl Stone Soup version 0.30.1-6-gbe392663c4 (webtiles) character file.

Game seed: 5957773141183606820

2608 Kurtz the Cleaver (level 9, -2/50 HPs)
             Began as a Tengu Fighter on Sept 21, 2023.
             Was a Priest of Okawaru.
             Engulfed by a steam dragon's steam (6 damage)
             ... on level 7 of the Dungeon.
             The game lasted 00:05:08 (5822 turns).

Kurtz the Cleaver (Tengu Fighter)                   Turns: 5822, Time: 00:05:09

Health: -2/50      AC:  8    Str: 20    XL:     9   Next: 59%
Magic:  10/10      EV: 14    Int:  8    God:    Okawaru [***...]
Gold:   470        SH: 10    Dex: 15    Spells: 8/8 levels left

rFire   . . .        H - +5 hand axe of the Mind {freeze, rC+ rN+ SInv}
rCold   + . .        c - +0 buckler
rNeg    + . .        b - +0 scale mail
rPois   .            (helmet restricted)
rElec   .            (no cloak)
rCorr   .            G - +0 pair of gloves
SInv    +            (boots unavailable)
Will    .....        q - amulet of reflection Stlth
                     I - ring of see invisible
HPRegen 0.28/turn    (no ring)
MPRegen 0.12/turn

%: reflection
@: flying quickly and evasively, quick
A: beak, talons 3, nimble flight
a: Renounce Religion, Heroism


You were on level 7 of the Dungeon.
You worshipped Okawaru.
Okawaru was most pleased with you.
You visited 2 branches of the dungeon, and saw 8 of its levels.

You collected 470 gold pieces.

Inventory:

Hand Weapons
 a - a +0 war axe
 v - a +2 heavy hand axe
 H - the +5 hand axe of the Mind (weapon) {freeze, rC+ rN+ SInv}
   (You found it on level 6 of the Dungeon)

   rC:        It protects you from cold.
   rN:        It protects you from negative energy.
   SInv:      It lets you see invisible.
Missiles
 w - 2 curare-tipped darts
 A - 2 javelins (quivered)
Armour
 b - a +0 scale mail (worn)
 c - a +0 buckler (worn)
 G - a +0 pair of gloves (worn)
Jewellery
 j - a ring of ice
 q - an amulet of reflection (around neck)
 E - a ring of fire
 I - a ring of see invisible (left hand)
Wands
 F - a wand of flame (20)
Scrolls
 e - 5 scrolls of identify {unknown}
 f - a scroll of brand weapon {unknown}
 m - 3 scrolls of blinking {unknown}
 n - 2 scrolls of fog {unknown}
 p - 5 scrolls of teleportation {unknown}
 u - a scroll of noise {unknown}
 y - a scroll of poison {unknown}
 z - a scroll of immolation {unknown}
 B - a scroll of summoning {unknown}
 C - a scroll of acquirement {unknown}
 D - a scroll of magic mapping {unknown}
 J - a scroll of torment {unknown}
 K - a scroll of vulnerability {unknown}
 L - a scroll of enchant weapon {unknown}
Potions
 d - 2 potions of might
 g - a potion of degeneration
 h - a potion of invisibility {unknown}
 i - 2 potions of curing {unknown}
 k - 2 potions of mutation {unknown}
 l - 4 potions of flight
 o - a potion of ambrosia {unknown}
 r - a potion of lignification {unknown}
 s - a potion of attraction {unknown}
 t - 2 potions of resistance {unknown}
 x - a potion of haste


   Skills:
 - Level 3.0 Fighting
 * Level 12.5 Axes
 - Level 3.2 Armour
 * Level 6.0 Dodging
 - Level 3.0 Shields


You had 8 spell levels left.
You didn't know any spells.
Your spell library contained the following spells:

 Spells                   Type           Power      Damage    Failure   Level
 Beastly Appendage        Tmut           0%         N/A       83%         1
 Ensorcelled Hibernation  Hex/Ice        0%         N/A       93%         2
 Passwall                 Tmut/Erth      0%         N/A       93%         2
 Poisonous Vapours        Pois/Air       0%         N/A       93%         2
 Wereblood                Tmut           0%         N/A       93%         2
 Mephitic Cloud           Conj/Pois/Air  0%         N/A       99%         3
 Spider Form              Tmut/Pois      0%         N/A       99%         3
 Swiftness                Air            0%         N/A       99%         3
 Passage of Golubria      Tloc           0%         N/A       100%        4
 Freezing Cloud           Conj/Ice/Air   0%         6-21      100%        5
 Yara's Violent Unravell  Hex/Tmut       0%         3d3       100%        5
 Tukima's Dance           Hex            Unusable   N/A       N/A         3

Dungeon Overview and Level Annotations

Branches:
Dungeon (7/15)             Temple (1/1) D:4

Altars:
Cheibriados
Dithmenos
Fedhas
Gozag
Hepliaklqana
Makhleb
Nemelex Xobeh
Okawaru
Qazlal
Ru
Trog
Uskayaw
Wu Jian
Xom
Yredelemnul

Shops:
D:2 :


Innate Abilities, Weirdness & Mutations

You have a beak for a mouth.
You have claws for feet.
Your magical nature lets you fly swiftly and evasively.


Message History

The ogre is heavily wounded.
You slash the ogre! You freeze the ogre.
You kill the ogre!
Okawaru accepts your kill.
Your Dodging skill increases to level 6!
No target in view!
No target in view!
You now have 438 gold pieces (gained 11).
A - a javelin
Found an escape hatch in the floor.
A - 2 javelins (gained 1)
You now have 459 gold pieces (gained 21).
You now have 470 gold pieces (gained 11).
There is an escape hatch in the ceiling here.
There is an escape hatch in the floor here.
As you open the door, it creaks loudly!
You hear an angry hiss.
There is an open door here.
A steam dragon is nearby!
The steam dragon breathes steam at you. The ball of steam hits you!
You slash the steam dragon! You freeze the steam dragon.
Your kick misses the steam dragon. Your peck misses the steam dragon.
The steam dragon is moderately wounded.
You are engulfed in a cloud of scalding steam.
Unknown command.
You closely miss the steam dragon.
The steam dragon is moderately wounded.
You are engulfed in a cloud of scalding steam.
The steam dragon misses you. You block the steam dragon's attack.
Throw: 2 javelins
Press: ? - help, Q - select action, (/) - cycle Shift-Dir - straight line, f - steam dragon
Aim: a steam dragon (moderately wounded, 59% to hit)
Okay, then.
You are engulfed in a cloud of scalding steam.
There is an open door here.
The steam dragon breathes steam at you. The ball of steam hits you!
* * * LOW HITPOINT WARNING * * *
You are engulfed in a cloud of scalding steam.
You die...

###.....................
##....##.....#.....####.#
#.....#.........#...<...#
##.....#.......#.#..#.####
..#....#....#..#........
..........>..........#########
#.#...###......#.....#.......#
#.#...# #.....§#######.♣.♣.♣.#
#.#...# #...##§§@§§D.#.......#
#.##### #...>.§#####.'.§....<#
#...#####..###.#######.......#
###.....<....#.....# #§♣.♣.♣.#
..###.###....#####.# #§......#
.)..............##.# #########
.#.##.#..#.####.##.#
...#.........#...#.#
..##.....#+#.#...#.#


There were no monsters in sight!

Vanquished Creatures
  4 water moccasins
  3 black bears
  An ice beast (D:6)
  2 sky beasts
  2 ogres
  3 centaurs
  2 phantoms
  2 bullfrogs
  5 scorpions
  3 orc priests
  A hound (D:7)
  A jelly (D:6)
  2 sleepcaps
  A gnoll bouda (D:7)
  2 iguanas
  5 orc wizards
  Robin (D:4)
  11 adders
  4 gnolls (D:7)
  A shadow imp (D:6)
  A dart slug (D:2)
  13 orcs
  3 endoplasms
  4 giant cockroaches (D:1)
  19 goblins
  6 hobgoblins
  4 jackals (D:3)
  7 kobolds
  5 quokkas
  9 ball pythons
  6 bats
  A frilled lizard (D:1)
  8 rats
142 creatures vanquished.

Notes
Turn   | Place    | Note
-------+----------+-------------------------------------------
     0 | D:1      | Kurtz the Tengu Fighter began the quest for the Orb.
     0 | D:1      | Reached XP level 1. HP: 14/14 MP: 2/2
    76 | D:1      | Reached XP level 2. HP: 19/19 MP: 3/3
    89 | D:1      | Reached skill level 3 in Axes
   312 | D:1      | Reached XP level 3. HP: 23/23 MP: 4/4
   360 | D:1      | Found a faded altar of an unknown god.
   692 | D:2      | Reached skill level 4 in Axes
   701 | D:2      | Found Peudda's Book Shoppe.
  1290 | D:3      | Reached XP level 4. HP: 21/26 MP: 5/5
  1691 | D:3      | Reached skill level 5 in Axes
  2291 | D:3      | Gained mutation: Your magical nature lets you fly swiftly
                  | and evasively. [Tengu growth]
  2291 | D:3      | Reached XP level 5. HP: 32/32 MP: 6/6
  2446 | D:4      | Found a staircase to the Ecumenical Temple.
  2457 | D:4      | Reached skill level 6 in Axes
  2464 | Temple   | Entered the Ecumenical Temple
  2470 | Temple   | Became a worshipper of Warmaster Okawaru
  2514 | D:4      | Noticed a black bear
  2562 | D:4      | Killed a black bear
  2563 | D:4      | Reached XP level 6. HP: 20/37 MP: 7/7
  2671 | D:4      | Noticed Robin
  2688 | D:4      | Killed Robin
  2789 | D:4      | Reached skill level 7 in Axes
  2928 | D:4      | Reached skill level 1 in Dodging
  2933 | D:4      | Reached * piety under Okawaru
  3144 | D:4      | Reached skill level 8 in Axes
  3144 | D:4      | Reached XP level 7. HP: 12/41 MP: 8/8
  3654 | D:5      | Entered Level 5 of the Dungeon
  3712 | D:5      | Reached skill level 9 in Axes
  4012 | D:5      | Reached XP level 8. HP: 27/46 MP: 9/9
  4447 | D:6      | Reached skill level 10 in Axes
  4517 | D:6      | Reached ** piety under Okawaru
  4819 | D:6      | Reached skill level 11 in Axes
  4825 | D:6      | Identified the +5 hand axe of the Mind {freeze, rC+ rN+
                  | SInv}
  4972 | D:6      | Reached XP level 9. HP: 41/50 MP: 10/10
  5299 | D:7      | Reached skill level 5 in Dodging
  5384 | D:7      | Reached skill level 12 in Axes
  5489 | D:7      | Reached *** piety under Okawaru
  5822 | D:7      | Engulfed by a steam dragon's steam

Illustrated notes

Levels and vault maps discovered:
D:1:      sevenhm_arrival_forest_fort_large_4, layout_rooms,
          ebering_ecumenical_altar_sacrificial, minmay_heptomino_d4
D:2:      layout_basic, serial_shops, nicolae_shop_tiny_statue_garden
D:3:      layout_basic, chequers_serial_rivers_room_a, minmay_misc_feat_iff
D:4:      kennysheep_the_goblin_king, layout_basic,
          minmay_temple_entry_proselytizer, uniq_robin
D:5:      layout_cave_pools
D:6:      layout_basic
D:7:      minmay_skewed_foursquare, layout_basic,
          chequers_temple_overflow_minitemple,
          hangedman_abyss_or_decor_jellyfish_corner, grunt_ministairs_3
Temple:   nicolae_temple_no_exploring_needed

Skill      XL: |  1  2  3  4  5  6  7  8  9 |
---------------+----------------------------+-----
Axes           | 3 4 5 6 8 9 11 12 | 12.5
Dodging        | 1 2 4 6 |  6.0
Fighting       | |  3.0
Armour         | |  3.2
Shields        | |  3.0

Action                     |  1- 3 |  4- 6 |  7- 9 || total
---------------------------+-------+-------+-------++-------
  Melee: War axe           |    70 |    34 |       ||   104
         Kick              |    14 |    16 |    32 ||    62
         Peck              |     5 |    10 |    21 ||    36
         Hand axe          |       |    54 |   149 ||   203
  Throw: Dart              |       |     1 |       ||     1
         Javelin           |       |       |     2 ||     2
 Invoke: Heroism           |       |       |     2 ||     2
    Use: Potion            |       |     3 |     2 ||     5
 Armour: Scale mail        |    41 |    43 |    44 ||   128
  Dodge: Dodged            |    34 |    78 |   107 ||   219
  Block: Buckler           |    10 |    37 |    65 ||   112
         Reflection        |       |       |     1 ||     1
